 Dungeon Crawl Stone Soup version 0.29-a0-397-g846e4a0bbc (webtiles) character file.

Game seed: 4798895515074517318

65 McIrco the Shield-Bearer (level 3, 0/34 HPs)
             Began as a Minotaur Fighter on May 11, 2022.
             Slain by a steam dragon (1 damage)
             ... on level 3 of the Dungeon.
             The game lasted 00:03:38 (1691 turns).

McIrco the Shield-Bearer (Minotaur Fighter)         Turns: 1691, Time: 00:03:39

Health: 0/34       AC:  9    Str: 22    XL:     3   Next: 92%
Magic:  2/2        EV:  8    Int:  5    God:
Gold:   66         SH:  8    Dex:  9    Spells: 2/2 levels left

rFire   . . .      SeeInvis .   f - +3 short sword (venom)
rCold   . . .      Faith    .   l - +0 kite shield
rNeg    . . .      Spirit   .   b - +0 scale mail
rPois   .          Reflect  .   n - +0 hat
rElec   .          Harm     .   p - +0 cloak
rCorr   .          Rampage  .   (no gloves)
Will    .....                   m - +0 pair of boots
Stlth   ..........              (no amulet)
HPRegen 0.11/turn               (no ring)
MPRegen 0.08/turn               (no ring)

@: attractive
A: horns 2, retaliatory headbutt
a: no special abilities


You were on level 3 of the Dungeon.
You visited 1 branch of the dungeon, and saw 3 of its levels.

You collected 66 gold pieces.

Inventory:

Hand Weapons
 a - a +0 war axe
 f - a +3 short sword of venom (weapon)
Armour
 b - a +0 scale mail (worn)
 c - a +0 buckler
 l - a +0 kite shield (worn)
 m - a +0 pair of boots (worn)
 n - a +0 hat (worn)
 p - a +0 cloak (worn)
Scrolls
 e - a scroll of poison {unknown}
 h - a scroll of identify {unknown}
 i - 3 scrolls of noise {unknown}
 q - a scroll of enchant armour {unknown}
Potions
 d - a potion of might
 g - a potion of attraction
 j - 2 potions of lignification {unknown}
 k - a potion of brilliance {unknown}
 o - a potion of curing {unknown}


   Skills:
 + Level 4.4 Fighting
 - Level 2.4 Axes
 + Level 4.4 Armour
 * Level 4.7 Shields


You had 2 spell levels left.
You didn't know any spells.
Your spell library contained the following spells:

 Spells                   Type           Power      Damage    Failure   Level
 Apportation              Tloc           0%         N/A       98%         1
 Freeze                   Ice            0%         1d3       98%         1
 Shock                    Conj/Air       0%         1d3       98%         1
 Slow                     Hex            0%         N/A       98%         1
 Blink                    Tloc           0%         N/A       99%         2
 Alistair's Intoxication  Tmut/Pois      0%         N/A       100%        5
 Manifold Assault         Tloc           0%         N/A       100%        5
 Storm Form               Tmut/Air       0%         N/A       100%        7


Dungeon Overview and Level Annotations

Branches:
Dungeon (3/15)

Altars:
The Shining One


Innate Abilities, Weirdness & Mutations

You have a pair of horns on your head.
You reflexively headbutt those who attack you in melee.


Message History

A steam dragon is nearby!
The steam dragon bites you but does no damage.
The steam dragon claws you.
You hit the steam dragon.
The steam dragon is poisoned.
The steam dragon is lightly wounded.
The steam dragon breathes steam at you. The ball of steam hits you!
The steam dragon closely misses you. The steam dragon barely misses you.
You hear a shout!
You hit the steam dragon but do no damage.
The steam dragon is moderately wounded.
You are engulfed in a cloud of scalding steam.
The steam dragon bites you but does no damage.
The steam dragon claws you but does no damage.
Unknown command.
Unknown command.
You hit the steam dragon but do no damage.
The steam dragon looks as sick as possible!
The steam dragon is moderately wounded.
The steam dragon bites you but does no damage.
You block the steam dragon's attack.
You closely miss the steam dragon.
The steam dragon is moderately wounded.
The steam dragon bites you but does no damage.
The steam dragon claws you but does no damage.
The steam dragon bites you but does no damage.
The steam dragon barely misses you.
You closely miss the steam dragon. You headbutt the steam dragon.
The steam dragon is heavily wounded.
You block the steam dragon's attack. The steam dragon claws you.
You closely miss the steam dragon.
The steam dragon is severely wounded.
The steam dragon breathes steam at you. The ball of steam hits you!
* * * LOW HITPOINT WARNING * * *
You hear a shout!
It was a potion of attraction.
You feel attractive to monsters. The steam dragon bites you.
You die...

..... #.# #........#
.....##.###........# .#
###.#.###...#.......# . .
...#.####..#.......# ..
#.###.#.......#########
...#...............# ####
.....##.#..<##..#.####...
...#..##.#...............#
........D@.....[.#........
###..#.##....##.#...##...
# #.##.......>........
......#.#####..##...
.#.#.###...<.........
#.#.#.# ########.....# .
..#.# ####### ## ###.


You could see a steam dragon (very poisoned, catching breath).

Vanquished Creatures
  An adder (D:2)
  A worm (D:3)
  A dart slug (D:2)
  4 ball pythons (D:1)
  6 endoplasms
  2 goblins (D:1)
  3 hobgoblins (D:1)
  5 quokkas
  8 bats
  4 frilled lizards
  7 kobolds
  5 rats
47 creatures vanquished.

Notes
Turn   | Place    | Note
-------+----------+-------------------------------------------
     0 | D:1      | McIrco the Minotaur Fighter began the quest for the Orb.
     0 | D:1      | Reached XP level 1. HP: 19/19 MP: 0/0
   126 | D:1      | Reached XP level 2. HP: 27/27 MP: 1/1
   206 | D:1      | Found a faded altar of an unknown god.
   228 | D:1      | You fall into a shaft and drop 1 floor!
   434 | D:2      | Reached XP level 3. HP: 31/33 MP: 2/2
   663 | D:2      | Found a glowing golden altar of the Shining One.
  1378 | D:1      | Got An Introduction to Witchery
  1681 | D:3      | Noticed a steam dragon
  1689 | D:3      | HP: 1/34 [steam dragon/ball of steam (16)]
  1691 | D:3      | Slain by a steam dragon

Illustrated notes

Levels and vault maps discovered:
D:1:      lightli_arrival_isolated_outpost, layout_basic,
          hellmonk_ecumenical_altar_inner_sanctum
D:2:      layout_basic, basic_altar
D:3:      layout_loops_cross

Skill      XL: |  1  2 |
---------------+-------+-----
Armour         | 4 |  4.4
Fighting       | 4 |  4.4
Shields        | 4 |  4.7
Axes           | |  2.4

Action                   || total
-------------------------++-------
Melee: War axe           ||    26
       Headbutt          ||    12
       Short sword       ||    68
  Use: Potion            ||     2
Armor: Scale mail        ||    43
Dodge: Dodged            ||    39
Block: Buckler           ||     4
       Kite shield       ||    18

Table legend: (Time is in decaauts)
 A = Elapsed time spent in this place.
 B = Non-inter-level travel time spent in this place.
 C = Inter-level travel time spent in this place.
 D = Time resting spent in this place.
 E = Time spent auto-exploring this place.
 F = Levels seen in this place.
 G = Mean time per level.
                   A        B        C        D        E       F      G
               +--------+--------+--------+--------+--------+-----+--------+
         Total |   1725 |   1634 |     91 |    116 |   1206 |   3 |  575.0 |
       Dungeon |   1725 |   1634 |     91 |    116 |   1206 |   3 |  575.0 |
               +--------+--------+--------+--------+--------+-----+--------+

Top non-repeatable levels by time:
     D:2: 901 daAuts
     D:1: 671 daAuts
     D:3: 152 daAuts
